 Dungeon Crawl Stone Soup version 0.27-a0-972-gd1521fd (webtiles) character file.

Game seed: 12305898849927646196

74 ChiliFlavouring the Skirmisher (level 4, -2/41 HPs)
             Began as a Minotaur Berserker on Apr 13, 2021.
             Was a Follower of Trog.
             Slain by a gnoll shaman
             ... wielding a +0 club
              (9 damage)
             ... on level 4 of the Dungeon.
             The game lasted 00:03:28 (1868 turns).

ChiliFlavouring the Skirmisher (Minotaur Berserker) Turns: 1868, Time: 00:03:28

Health: -2/41      AC:  5    Str: 23    XL:     4   Next: 9%
Magic:  3/3        EV: 11    Int:  4    God:    Trog [*.....]
Gold:   127        SH:  0    Dex:  9    Spells: 3/3 levels left

rFire    . . .     SeeInvis .   a - +0 mace
rCold    . . .     Faith    .   (no shield)
rNeg     . . .     Spirit   .   f - +0 ring mail
rPois    .         Reflect  .   (helmet restricted)
rElec    .         Harm     .   (no cloak)
rCorr    .         Rampage  .   (no gloves)
Will     .....                  (no boots)
Stlth    ..........             (no amulet)
HPRegen  0.13/turn              (no ring)
MPRegen  0.08/turn              (no ring)

@: lit by a corona, on berserk cooldown, slowed, glowing, very slow
A: horns 2, retaliatory headbutt
a: Renounce Religion, Berserk


You were on level 4 of the Dungeon.
You worshipped Trog.
Trog was aware of your devotion.
You visited 1 branch of the dungeon, and saw 4 of its levels.

You collected 127 gold pieces.

Inventory:

Hand Weapons
 a - a +0 mace (weapon)
Armour
 b - a +0 animal skin
 f - a +0 ring mail (worn)
Scrolls
 c - a scroll of enchant weapon {unknown}
 d - a scroll of identify {unknown}
 e - a scroll of enchant armour {unknown}
 g - a scroll of brand weapon {unknown}
 i - a scroll of vulnerability {unknown}
 j - a scroll of blinking {unknown}
Potions
 h - a potion of lignification {unknown}
 k - a potion of invisibility {unknown}
 l - a potion of attraction {unknown}


   Skills:
 + Level 4.5 Fighting
 + Level 4.5 Maces & Flails
 + Level 3.6 Armour
 - Level 2.2 Dodging


You had 3 spell levels left.
You didn't know any spells.
Your spell library was empty.

Dungeon Overview and Level Annotations

Branches:
Dungeon (3/15)

Altars:
Elyvilon

Shops:
D:4 !


Innate Abilities, Weirdness & Mutations

You have a pair of horns on your head.
You reflexively headbutt those who attack you in melee.


Message History

The howler monkey hoots and howls with incredible vigour!
You hear a shout!
You barely miss the howler monkey. Your headbutt misses the howler monkey.
The endoplasm freezes you.
You are frozen.
The gnoll hits you but does no damage.
The howler monkey hits you but does no damage.
You sock the howler monkey!
The howler monkey is moderately wounded.
The endoplasm hits you but does no damage.
The gnoll hits you from afar with a +0 spear.
The howler monkey hits you.
You thump the howler monkey!
You kill the howler monkey!
Trog accepts your kill. The endoplasm freezes you.
You are frozen.
The gnoll hits you from afar with a +0 spear.
You have reached level 4!
You feel stronger.
You completely miss the endoplasm. You headbutt the endoplasm.
You kill the endoplasm!
Trog accepts your kill.
You feel a strong urge to attack something.
You feel your anger nearly subside.
You are no longer berserk.
You are exhausted.
You feel yourself slow down.
Found a viscous sapphire potion.
The gnoll hits you from afar with a +0 spear. x2
The gnoll hits you from afar with a +0 spear!
* * * LOW HITPOINT WARNING * * *
The gnoll shouts!
The gnoll barely misses you. The gnoll shaman completely misses you.
The gnoll shaman calls down the wrath of its god upon you.
You are outlined in light.
The gnoll shaman hits you with a +0 club.
* * * LOW HITPOINT WARNING * * *
The gnoll shaman hits you but does no damage.
The gnoll shaman completely misses you.
The gnoll shaman hits you with a +0 club!
You die...

####.......#.#
..............
##......####
#...g.....g#
#...!...##.#
########
#.########.#
#...g...
#.##..g.g..#
#.######
#.##g######## #.#
#.##.@....... #.#
###.###########
#.# #....†.g....#
#.# #.#.#######.#
#g# #.#.. #.# #.#
#
#.##..#.#g#####.#
#...........g...#
#.##.####.####..#
#.. .... #..#


You could see a gnoll shaman.

Vanquished Creatures
  A howler monkey (D:4)
  A worm (D:2)
  4 bats
  3 endoplasms
  A giant cockroach (D:2)
  3 goblins
  4 hobgoblins
  5 jackals (D:2)
  2 quokkas
  A ball python (D:2)
  4 rats
29 creatures vanquished.

Notes
Turn   | Place    | Note
-------+----------+-------------------------------------------
     0 | D:1      | ChiliFlavouring the Minotaur Berserker began the quest for
                  | the Orb.
     0 | D:1      | Reached XP level 1. HP: 19/19 MP: 0/0
  1054 | D:1      | Reached XP level 2. HP: 27/27 MP: 1/1
  1364 | D:2      | You fall into a shaft and drop 1 floor!
  1477 | D:2      | Reached XP level 3. HP: 28/33 MP: 2/2
  1714 | D:2      | Found a faded altar of an unknown god.
  1762 | D:2      | You fall into a shaft and drop 2 floors!
  1765 | D:4      | Found Otiropp's Distillery.
  1828 | D:4      | Found a white marble altar of Elyvilon.
  1844 | D:4      | Reached XP level 4. HP: 32/41 MP: 3/3
  1868 | D:4      | Slain by a gnoll shaman

Illustrated notes

Levels and vault maps discovered:
D:1:      nagdon_arrival_double_spiral, layout_basic
D:2:      layout_basic, shapermc_ecumenical_altar_totnotflames
D:3:      layout_loops_ring, dancing_weapons_uskayaw, st_stairs_9
D:4:      layout_basic, old_standard_altar, serial_shops, shop, st_stairs_9

Skill      XL: |  1  2 |
---------------+-------+-----
Fighting       | 4 |  4.5
Maces & Flails | 4 |  4.5
Armour         | 3 |  3.6
Dodging        | |  2.2

Action                   |  1- 3 |  4- 6 || total
-------------------------+-------+-------++-------
Melee: Mace              |    61 |     1 ||    62
       Headbutt          |     7 |     1 ||     8
Invok: Berserk           |     2 |       ||     2
Armor: Ring mail         |    39 |     1 ||    40
Dodge: Dodged            |    45 |     3 ||    48

Table legend: (Time is in decaauts)
 A = Elapsed time spent in this place.
 B = Non-inter-level travel time spent in this place.
 C = Inter-level travel time spent in this place.
 D = Time resting spent in this place.
 E = Time spent auto-exploring this place.
 F = Levels seen in this place.
 G = Mean time per level.
                   A        B        C        D        E       F      G
               +--------+--------+--------+--------+--------+-----+--------+
         Total |   1896 |   1817 |     79 |    289 |   1242 |   4 |  474.0 |
       Dungeon |   1896 |   1817 |     79 |    289 |   1242 |   4 |  474.0 |
               +--------+--------+--------+--------+--------+-----+--------+

Top non-repeatable levels by time:
     D:1: 1182 daAuts
     D:2: 502 daAuts
     D:4: 113 daAuts
     D:3: 98 daAuts
